| TOP OF THE 1ST |
|
Wausau Timbers batting - Pitching for Clinton Pilots : RHP Steve Kordish
|
|
Pitching: RHP Steve Kordish
|
|
|
Batting: SHB Herman Lewis
|
0-0: Ball 1-0: Ground out 6-3 (Groundball, 4MS, EV 69.4 MPH)
|
|
Batting: LHB Rodney Nealeigh
|
0-0: Foul Ball, location: 2F 0-1: Ball 1-1: Foul Ball, location: 2F 1-2: Strikes out looking
|
|
Batting: RHB Rich Renteria
|
0-0: Ball 1-0: DOUBLE (Flyball, 8RXD, EV 91.3 MPH)
|
|
Batting: LHB Tom M Foley
|
0-0: DOUBLE (Line Drive, 89M, EV 94.4 MPH) Rich Renteria scores
|
|
Batting: RHB Douglas Davis
|
0-0: Foul Ball, location: 2F 0-1: Swinging Strike 0-2: Ball 1-2: Fly out, F8 (Flyball, 8RD, EV 79.4 MPH)
|
| Top of the 1st over - 1 run, 2 hits, 0 errors, 1 left on base; Wausau 1 - Clinton 0 |
| BOTTOM OF THE 1ST |
|
Clinton Pilots batting - Pitching for Wausau Timbers : RHP Mario Duran
|
|
Pitching: RHP Mario Duran
|
|
|
Batting: RHB Danny Chairez
|
0-0: Called Strike 0-1: Ball 1-1: Fly out, F4 (Line Drive, 4, EV 66.3 MPH)
|
|
Batting: RHB Tom Riley
|
0-0: Called Strike 0-1: Ground out 4-3 (Groundball, 4S, EV 91.3 MPH)
|
|
Batting: SHB Alan Regier
|
0-0: Called Strike 0-1: Foul Ball, location: 2F 0-2: SINGLE (Groundball, 34D, EV 95.6 MPH)
|
|
Batting: RHB Abe Rael
|
0-0: Ball 1-0: Called Strike 1-1: Ball 2-1: SINGLE (Groundball, 6D, EV 108.1 MPH) Alan Regier to second
|
|
Batting: RHB Joseph Rietano
|
0-0: Called Strike 0-1: Ball 1-1: Called Strike 1-2: Foul Ball, location: 2F 1-2: Ground out 1-3 (Groundball, 13, EV 68.1 MPH)
|
| Bottom of the 1st over - 0 runs, 2 hits, 0 errors, 2 left on base; Wausau 1 - Clinton 0 |
| TOP OF THE 2ND |
|
Wausau Timbers batting - Pitching for Clinton Pilots : RHP Steve Kordish
|
|
Batting: LHB Ricky Seilheimer
|
0-0: Foul Ball, location: 2F 0-1: SINGLE (Groundball, 34D, EV 97.5 MPH)
|
|
Batting: RHB Bruce Chaney
|
0-0: Called Strike 0-1: Ball Ricky Seilheimer steals 2nd base 1-1: Ground out 4-3 (Groundball, 34, EV 89.4 MPH) Ricky Seilheimer to third
|
|
Batting: RHB Jeffrey Young
|
0-0: Called Strike 0-1: Called Strike 0-2: SINGLE (Line Drive, 4M, EV 104.4 MPH) Ricky Seilheimer scores
|
|
Batting: RHB Isaac Seoanee
|
0-0: Called Strike Jeffrey Young steals 2nd base 0-1: Ball 1-1: Called Strike 1-2: Ground out 5-3 (Groundball, 5L, EV 87.5 MPH)
|
|
Batting: SHB Herman Lewis
|
0-0: Called Strike 0-1: Called Strike 0-2: Ball 1-2: Ball 2-2: Foul Ball, location: 2F 2-2: Ball 3-2: Base on Balls
|
|
Batting: LHB Rodney Nealeigh
|
0-0: Called Strike 0-1: Ball 1-1: Ball 2-1: Ball 3-1: Ground out 5-3 (Groundball, 56S, EV 73.8 MPH)
|
| Top of the 2nd over - 1 run, 2 hits, 0 errors, 2 left on base; Wausau 2 - Clinton 0 |
| BOTTOM OF THE 2ND |
|
Clinton Pilots batting - Pitching for Wausau Timbers : RHP Mario Duran
|
|
Batting: RHB Alberto Reyes
|
0-0: Ball 1-0: Bunt missed! 1-1: Swinging Strike 1-2: SOLO HOME RUN (Flyball, 78XD, EV 110.6 MPH), Distance : 416 ft
|
|
Batting: RHB Barry Siebert
|
0-0: Ball 1-0: Ball 2-0: Foul Ball, location: 2F 2-1: Foul Ball, location: 2F 2-2: Ball 3-2: SINGLE (Line Drive, 6M, EV 100.0 MPH)
|
|
Batting: LHB Epifano Martinez
|
0-0: Ball 1-0: Grounds into double play, 5-4-3 (Groundball, 56D, EV 88.8 MPH)
|
|
Batting: RHB Paul Bradley
|
0-0: Called Strike 0-1: Ball 1-1: Foul Ball, location: 2F 1-2: Fly out, F8 (Line Drive, 8LD, EV 91.9 MPH)
|
| Bottom of the 2nd over - 1 run, 2 hits, 0 errors, 0 left on base; Wausau 2 - Clinton 1 |
| TOP OF THE 3RD |
|
Wausau Timbers batting - Pitching for Clinton Pilots : RHP Steve Kordish
|
|
Batting: RHB Rich Renteria
|
0-0: Called Strike 0-1: Ground out 6-3 (Groundball, 56, EV 99.4 MPH)
|
|
Batting: LHB Tom M Foley
|
0-0: Ball 1-0: Ball 2-0: Ground out 4-3 (Groundball, 4S, EV 70.0 MPH)
|
|
Batting: RHB Douglas Davis
|
0-0: Ball 1-0: Foul Ball, location: 2F 1-1: Ground out 5-3 (Groundball, 56, EV 89.4 MPH)
|
| Top of the 3rd over - 0 runs, 0 hits, 0 errors, 0 left on base; Wausau 2 - Clinton 1 |
| BOTTOM OF THE 3RD |
|
Clinton Pilots batting - Pitching for Wausau Timbers : RHP Mario Duran
|
|
Batting: RHB Danny Chairez
|
0-0: Ground out 6-3 (Groundball, 6, EV 82.5 MPH)
|
|
Batting: RHB Tom Riley
|
0-0: Foul Ball, location: 2F 0-1: Ball 1-1: Fly out, F6 (Popup, 6MD, EV 48.8 MPH)
|
|
Batting: SHB Alan Regier
|
0-0: Ball 1-0: Ball 2-0: Ball 3-0: Base on Balls
|
|
Batting: RHB Abe Rael
|
0-0: Ball 1-0: SINGLE (Flyball, 6D, EV 95.0 MPH) Alan Regier to second
|
|
Batting: RHB Joseph Rietano
|
0-0: Ground out 5-3 (Groundball, 56S, EV 65.6 MPH)
|
| Bottom of the 3rd over - 0 runs, 1 hit, 0 errors, 2 left on base; Wausau 2 - Clinton 1 |
| TOP OF THE 4TH |
|
Wausau Timbers batting - Pitching for Clinton Pilots : RHP Steve Kordish
|
|
Batting: LHB Ricky Seilheimer
|
0-0: Called Strike 0-1: Ground out U3 (Groundball, 34, EV 92.5 MPH)
|
|
Batting: RHB Bruce Chaney
|
0-0: Foul Ball, location: 2F 0-1: Fly out, F4 (Popup, 3D, EV 52.5 MPH)
|
|
Batting: RHB Jeffrey Young
|
0-0: DOUBLE (Flyball, 5D, EV 93.1 MPH)
|
|
Batting: RHB Isaac Seoanee
|
0-0: Foul Ball, location: 2F 0-1: Called Strike 0-2: Foul Ball, location: 2F 0-2: Ball 1-2: Ball 2-2: Ball 3-2: Ground out U3 (Groundball, 3L, EV 88.1 MPH)
|
| Top of the 4th over - 0 runs, 1 hit, 0 errors, 1 left on base; Wausau 2 - Clinton 1 |
| BOTTOM OF THE 4TH |
|
Clinton Pilots batting - Pitching for Wausau Timbers : RHP Mario Duran
|
|
Batting: RHB Alberto Reyes
|
0-0: Bunted foul 0-1: Ground out 6-3 (Groundball, 56, EV 85.6 MPH)
|
|
Batting: RHB Barry Siebert
|
0-0: Ground out 1-3 (Groundball, 13S, EV 71.3 MPH)
|
|
Batting: LHB Epifano Martinez
|
0-0: SINGLE (Groundball, 6MD, EV 97.5 MPH)
|
|
Batting: RHB Paul Bradley
|
0-0: Called Strike 0-1: Swinging Strike 0-2: Ball Epifano Martinez steals 2nd base 1-2: Ball 2-2: Ball 3-2: Foul Ball, location: 2F 3-2: Foul Ball, location: 2F 3-2: Ground out 3-1 (Groundball, 34S, EV 91.3 MPH)
|
| Bottom of the 4th over - 0 runs, 1 hit, 0 errors, 1 left on base; Wausau 2 - Clinton 1 |
| TOP OF THE 5TH |
|
Wausau Timbers batting - Pitching for Clinton Pilots : RHP Steve Kordish
|
|
Batting: SHB Herman Lewis
|
0-0: Called Strike 0-1: Swinging Strike 0-2: Strikes out swinging
|
|
Batting: LHB Rodney Nealeigh
|
0-0: Called Strike 0-1: Ball 1-1: Fly out, F8 (Flyball, 8LS, EV 88.1 MPH)
|
|
Batting: RHB Rich Renteria
|
0-0: Called Strike 0-1: Foul Ball, location: 2F 0-2: Ball 1-2: Strikes out swinging
|
| Top of the 5th over - 0 runs, 0 hits, 0 errors, 0 left on base; Wausau 2 - Clinton 1 |
| BOTTOM OF THE 5TH |
|
Clinton Pilots batting - Pitching for Wausau Timbers : RHP Mario Duran
|
|
Batting: RHB Danny Chairez
|
0-0: Ball 1-0: SINGLE (Groundball, 4MS, EV 66.9 MPH) (infield hit)
|
|
Batting: RHB Tom Riley
|
0-0: Ball 1-0: Called Strike 1-1: SINGLE (Flyball, 3D, EV 91.9 MPH) Danny Chairez to second
|
|
Batting: SHB Alan Regier
|
0-0: Ball 1-0: Ball 2-0: Ball 3-0: Called Strike 3-1: Base on Balls Danny Chairez to third Tom Riley to second
|
|
Batting: RHB Abe Rael
|
0-0: Ball 1-0: Called Strike 1-1: GRAND SLAM HOME RUN (Flyball, 9D, EV 106.9 MPH), Distance : 374 ft
|
|
Batting: RHB Joseph Rietano
|
0-0: Called Strike 0-1: Fly out, F8 (Flyball, 89M, EV 90.0 MPH)
|
|
Batting: RHB Alberto Reyes
|
0-0: Foul Ball, location: 2F 0-1: Ball 1-1: Called Strike 1-2: Foul Ball, location: 2F 1-2: Ball 2-2: Foul Ball, location: 2F 2-2: Ball 3-2: Foul Ball, location: 2F 3-2: Foul Ball, location: 2F 3-2: DOUBLE (Line Drive, 7LD, EV 107.5 MPH)
|
|
Batting: RHB Barry Siebert
|
0-0: Ball 1-0: Swinging Strike 1-1: Called Strike Alberto Reyes is caught stealing 3rd base 2-5 1-2: Strikes out swinging
|
| Bottom of the 5th over - 4 runs, 4 hits, 0 errors, 0 left on base; Wausau 2 - Clinton 5 |
| TOP OF THE 6TH |
|
Wausau Timbers batting - Pitching for Clinton Pilots : RHP Steve Kordish
|
|
Batting: LHB Tom M Foley
|
0-0: Ball 1-0: Ball 2-0: Called Strike 2-1: Ground out U3 (Groundball, 3, EV 101.9 MPH)
|
|
Batting: RHB Douglas Davis
|
0-0: Ball 1-0: Called Strike 1-1: Ground out 5-3 (Groundball, 5, EV 106.3 MPH)
|
|
Batting: LHB Ricky Seilheimer
|
0-0: Ball 1-0: Fly out, F8 (Flyball, 8LS, EV 85.0 MPH)
|
| Top of the 6th over - 0 runs, 0 hits, 0 errors, 0 left on base; Wausau 2 - Clinton 5 |
| BOTTOM OF THE 6TH |
|
Clinton Pilots batting - Pitching for Wausau Timbers : RHP Mario Duran
|
|
Batting: LHB Epifano Martinez
|
0-0: Called Strike 0-1: Ball 1-1: Ball 2-1: Swinging Strike 2-2: SINGLE (Line Drive, 89S, EV 108.1 MPH)
|
|
Batting: RHB Paul Bradley
|
0-0: Bunt missed! 0-1: Sac Bunt to 15 - play at first, batter OUT! 1-4 Epifano Martinez to second
|
|
Batting: RHB Danny Chairez
|
0-0: Ball 1-0: Ball 2-0: Ball 3-0: Base on Balls
|
|
Batting: RHB Tom Riley
|
0-0: Ball 1-0: Swinging Strike 1-1: Grounds into double play, 6-4-3 (Groundball, 56, EV 101.3 MPH)
|
| Bottom of the 6th over - 0 runs, 1 hit, 0 errors, 1 left on base; Wausau 2 - Clinton 5 |
| TOP OF THE 7TH |
|
Wausau Timbers batting - Pitching for Clinton Pilots : RHP Steve Kordish
|
|
Batting: RHB Bruce Chaney
|
0-0: Foul Ball, location: 2F 0-1: Ball 1-1: Ground out 6-3 (Groundball, 6, EV 83.8 MPH)
|
|
Batting: RHB Jeffrey Young
|
0-0: Foul Ball, location: 2F 0-1: Ground out 5-3 (Groundball, 5, EV 86.3 MPH)
|
|
Batting: RHB Isaac Seoanee
|
0-0: Foul Ball, location: 2F 0-1: Swinging Strike 0-2: Strikes out looking
|
| Top of the 7th over - 0 runs, 0 hits, 0 errors, 0 left on base; Wausau 2 - Clinton 5 |
| BOTTOM OF THE 7TH |
|
Clinton Pilots batting - Pitching for Wausau Timbers : RHP Mario Duran
|
|
Pitching: RHP Jean Marquis
|
|
|
Batting: SHB Alan Regier
|
0-0: Ball 1-0: Ground out 6-3 (Groundball, 6, EV 85.0 MPH)
|
|
Batting: RHB Abe Rael
|
0-0: Called Strike 0-1: Swinging Strike 0-2: Strikes out looking
|
|
Batting: RHB Joseph Rietano
|
0-0: Ball 1-0: Fly out, F4 (Popup, 23, EV 80.0 MPH)
|
| Bottom of the 7th over - 0 runs, 0 hits, 0 errors, 0 left on base; Wausau 2 - Clinton 5 |
| TOP OF THE 8TH |
|
Wausau Timbers batting - Pitching for Clinton Pilots : RHP Steve Kordish
|
|
Batting: SHB Herman Lewis
|
0-0: Ball 1-0: Ball 2-0: Fly out, F8 (Flyball, 89M, EV 89.4 MPH)
|
|
Batting: LHB Rodney Nealeigh
|
0-0: Swinging Strike 0-1: Ball 1-1: Ball 2-1: Swinging Strike 2-2: Ground out 3-1 (Groundball, 34, EV 79.4 MPH)
|
|
Batting: RHB Rich Renteria
|
0-0: Reached on error, E5 (Groundball, 56, EV 87.5 MPH)
|
|
Batting: LHB Tom M Foley
|
0-0: Fielders Choice at 2nd, 6-4 (Groundball, 6, EV 87.5 MPH)
|
| Top of the 8th over - 0 runs, 0 hits, 1 error, 1 left on base; Wausau 2 - Clinton 5 |
| BOTTOM OF THE 8TH |
|
Clinton Pilots batting - Pitching for Wausau Timbers : RHP Jean Marquis
|
|
Batting: RHB Alberto Reyes
|
0-0: Foul Ball, location: 2F 0-1: Foul Ball, location: 2F 0-2: Ball 1-2: Foul Ball, location: 2F 1-2: SINGLE (Line Drive, 7S, EV 89.4 MPH)
|
|
Batting: RHB Barry Siebert
|
0-0: Sac Bunt to 13 - play at first, batter OUT! 1-3 Alberto Reyes to second
|
|
Batting: LHB Epifano Martinez
|
0-0: Intentional Walk
|
|
Batting: RHB Paul Bradley
|
0-0: Ball 1-0: Swinging Strike 1-1: Ball 2-1: Foul Ball, location: 2F 2-2: Ball 3-2: Foul Ball, location: 2F 3-2: Fly out, F9 (Flyball, 9LS, EV 84.4 MPH)
|
|
Pitching: RHP Robert Tenenini
|
|
|
Batting: RHB Danny Chairez
|
0-0: Fly out, F7 (Flyball, 7LM, EV 95.6 MPH)
|
| Bottom of the 8th over - 0 runs, 1 hit, 0 errors, 2 left on base; Wausau 2 - Clinton 5 |
| TOP OF THE 9TH |
|
Wausau Timbers batting - Pitching for Clinton Pilots : RHP Steve Kordish
|
|
Batting: RHB Douglas Davis
|
0-0: Ball 1-0: Ball 2-0: Foul Ball, location: 2F 2-1: Foul Ball, location: 2F 2-2: Ball 3-2: Ground out U3 (Groundball, 34, EV 96.9 MPH)
|
|
Batting: LHB Ricky Seilheimer
|
0-0: Ball 1-0: Ball 2-0: Called Strike 2-1: Foul Ball, location: 2F 2-2: Ball 3-2: DOUBLE (Line Drive, 5D, EV 95.6 MPH)
|
|
Batting: RHB Bruce Chaney
|
0-0: Ball 1-0: Foul Ball, location: 2F 1-1: Swinging Strike 1-2: Strikes out looking
|
|
Batting: RHB Jeffrey Young
|
0-0: Ball 1-0: Called Strike 1-1: Swinging Strike 1-2: Ball 2-2: Ball 3-2: SINGLE (Line Drive, 7S, EV 99.4 MPH) Ricky Seilheimer to third Ricky Seilheimer scores
|
|
Pitching: RHP Greg Mize
|
|
|
Batting: SHB James Flores
|
0-0: Ball 1-0: Called Strike 1-1: Ball 2-1: Ball 3-1: Foul Ball, location: 2F 3-2: Base on Balls Jeffrey Young to second
|
|
Batting: SHB Herman Lewis
|
0-0: Ball 1-0: Called Strike 1-1: Swinging Strike 1-2: Strikes out swinging
|
| Top of the 9th over - 1 run, 2 hits, 0 errors, 2 left on base; Wausau 3 - Clinton 5 |
|